 Dungeon Crawl Stone Soup version 0.31-a0-229-g1fc7ce93e2 (webtiles) character file.

Game seed: 16625053634888013278

135 qw the Shooter (level 5, -4/30 HPs)
             Began as a Gargoyle Hexslinger on July 6, 2023.
             Frozen to death by an endoplasm (5 damage)
             ... on level 3 of the Dungeon.
             The game lasted 00:00:44 (1093 turns).

qw the Shooter (Gargoyle Hexslinger)                Turns: 1093, Time: 00:00:44

Health: -4/30      AC:  9    Str: 11    XL:     5   Next: 18%
Magic:  6/6        EV: 10    Int: 14    God:
Gold:   99         SH:  0    Dex: 14    Spells: 5/6 levels left

rFire   . . .        Y - +1 sling
rCold   . . .        (no shield)
rNeg    + . .        e - +0 ring mail
rPois   inf          (no helmet)
rElec   +            (no cloak)
rCorr   .            (no gloves)
SInv    .            (no boots)
Will    .....        (no amulet)
Stlth   +            (no ring)
HPRegen 0.25/turn    (no ring)
MPRegen 0.10/turn

%: no passive effects
@: no status effects
A: sickness immunity, AC +4, negative energy resistance 1, electricity
resistance, torment resistance 1, petrification resistance
a: no special abilities


You were on level 3 of the Dungeon.
You visited 1 branch of the dungeon, and saw 3 of its levels.

You collected 99 gold pieces.


Innate Abilities, Weirdness & Mutations

You are immune to sickness and miasma.
Your stone body is resilient. (AC +4)
You are immune to poison.
You resist negative energy. (rN+)
You are resistant to electric shocks. (rElec)
You are resistant to unholy torment.
You are immune to petrification.


   Skills:
 - Level 2.1 Fighting
 + Level 4.0 Ranged Weapons
 - Level 2.7 Armour
 - Level 1.5 Dodging
 - Level 1.0 Spellcasting
 - Level 2.6 Hexes


You had 5 spell levels left.
You knew the following spells:

 Your Spells              Type           Power      Damage    Failure   Level
a - Slow                  Hex            32%        N/A       21%         1

Your spell library contained the following spells:

 Spells                   Type           Power      Damage    Failure   Level
 Inner Flame              Hex/Fire       4%         N/A       71%         3
 Portal Projectile        Hex/Tloc       8%         N/A       71%         3
 Cause Fear               Hex            4%         N/A       89%         4

Inventory:

Hand Weapons
 Y - a +1 sling (weapon)
Armour
 e - a +0 ring mail (worn)
Potions
 a - a potion of lignification {unknown}
 b - a potion of cancellation {unknown}
 f - a potion of mutation {unknown}

Dungeon Overview and Level Annotations

Branches:
Dungeon (3/15)

Altars:


Message History

The bat hits you but does no damage. The frilled lizard bites you.
The orc hits you with a +0 war axe.
You shoot a sling bullet. The sling bullet barely misses the orc.
The bat misses you. The frilled lizard closely misses you.
The orc hits you but does no damage.
The orc wizard hits you with a +0 dagger.
The bat hits you but does no damage.
You shoot a sling bullet. The sling bullet hits the orc.
The orc is almost dead.
The bat hits you but does no damage. The bat misses you.
The frilled lizard bites you but does no damage.
The orc wizard hits you but does no damage.
The orc misses you. The frilled lizard barely misses you.
The orc hits you with a +0 war axe.
The orc wizard hits you but does no damage.
You shoot a sling bullet. The sling bullet hits the orc.
You kill the orc!
The bat hits you but does no damage. The frilled lizard closely misses you.
The orc hits you but does no damage.
The orc wizard hits you but does no damage.
You shoot a sling bullet.
The sling bullet barely misses the orc wizard.
The sling bullet hits the orc.
The orc is heavily wounded.
The bat hits you.
The frilled lizard bites you but does no damage.
The orc wizard hits you but does no damage.
The orc hits you with a +0 hand axe. The bat barely misses you.
You shoot a sling bullet. The sling bullet misses the orc wizard.
The sling bullet hits the orc but does no damage.
The orc is heavily wounded.
The bat hits you but does no damage. The frilled lizard barely misses you.
The orc barely misses you. The endoplasm freezes you.
You are frozen.
The orc wizard misses you. The bat hits you but does no damage.
The frilled lizard barely misses you.
The orc wizard hits you but does no damage.
The endoplasm freezes you.
You are frozen.
You die...

## .## .### #. $..
.?. ... #.. ..# ##.#.
.##.. ##!.#......
.....####........#
.##....o.)####..#
......loo#......##
?.....J@b....##..##
#.....#....#......#
..###.>.......#.#.##
#.........#.#..#####
#......)............
#..<................
##............##.....
#...........[........
...........#####...<.


You could see an orc wizard, 2 orcs, an endoplasm, a bat and a frilled lizard.

Vanquished Creatures
  A scorpion (D:3)
  An adder (D:1)
  A dart slug (D:1)
  2 orcs (D:3)
  5 ball pythons
  3 bats
  5 endoplasms
  2 giant cockroaches (D:1)
  6 goblins
  5 hobgoblins
  4 jackals (D:1)
  3 quokkas (D:1)
  3 frilled lizards (D:1)
  8 kobolds
  4 rats
53 creatures vanquished.

Notes
Turn   | Place    | Note
-------+----------+-------------------------------------------
     0 | D:1      | qw the Gargoyle Hexslinger began the quest for the Orb.
     0 | D:1      | Reached XP level 1. HP: 12/12 MP: 2/2
     0 | D:1      | 0 ||| qw: Version: 0.3-a-46-gb1f654a
     0 | D:1      | 0 ||| qw: Game counter: 1634
     0 | D:1      | 0 ||| qw: Melee chars always use a shield: true
     0 | D:1      | 0 ||| qw: God list: Okawaru
     0 | D:1      | 0 ||| qw: Allow faded altars: false
     0 | D:1      | 0 ||| qw: Do Orc after clearing Dungeon:15 true
     0 | D:1      | 0 ||| qw: Do second Lair branch before Depths: true
     0 | D:1      | 0 ||| qw: Lair rune preference: random
     0 | D:1      | 0 ||| qw: Goals: Normal
     0 | D:1      | 0 ||| PLANNING D:1-11
   194 | D:1      | Reached XP level 2. HP: 16/16 MP: 3/3
   253 | D:1      | Reached skill level 3 in Ranged Weapons
   306 | D:1      | Reached XP level 3. HP: 10/21 MP: 4/4
   307 | D:1      | HP: 5/21 [jackal (2)]
   312 | D:1      | HP: 2/21 [jackal (3)]
   543 | D:1      | 543 ||| UPGRADING to +0 leather armour.
   553 | D:1      | 553 ||| DROPPING +0 robe.
   554 | D:1      | 554 ||| UPGRADING to +0 ring mail.
   564 | D:1      | 564 ||| DROPPING +0 leather armour.
   565 | D:1      | 565 ||| READING scroll labelled UNUMNIWKUM.
   566 | D:1      | 566 ||| DROPPING scroll of poison.
   603 | D:2      | 603 ||| STAIRDANCE
   610 | D:1      | HP: 5/21 [kobold/+0 dagger (3)]
   610 | D:1      | HP: 2/21 [kobold/+0 dagger (3)]
   835 | D:2      | Reached XP level 4. HP: 26/26 MP: 5/5
   874 | D:2      | 874 ||| Stepping ~*~*~tactically~*~*~ (outnumbered).
   986 | D:2      | 986 ||| READING scroll labelled ULYNLYMUNO.
   990 | D:2      | 990 ||| READING scroll labelled FAIHEQ MOPPA.
  1035 | D:3      | Reached skill level 4 in Ranged Weapons
  1049 | D:3      | Noticed a scorpion
  1061 | D:3      | Killed a scorpion
  1062 | D:3      | Reached XP level 5. HP: 20/30 MP: 6/6
  1080 | D:3      | 1080 ||| FLEEEEING.
  1081 | D:3      | 1081 ||| FLEEEEING.
  1090 | D:3      | HP: 6/30 [orc/+0 war axe (4)]
  1093 | D:3      | HP: 1/30 [frozen (4)]
  1093 | D:3      | Frozen to death by an endoplasm

Levels and vault maps discovered:
D:1:      dpeg_arrival_castle, layout_rooms
D:2:      layout_rooms
D:3:      layout_rooms, general_overflow_altar, nicolae_ecumenical_lake_church,
          nicolae_underground_beach

Skill      XL: |  1  2  3  4 |
---------------+-------------+-----
Ranged Weapons | 3 4 |  4.0
Fighting       | 2 |  2.1
Armour         | 2 |  2.7
Dodging        | |  1.5
Spellcasting   | |  1.0
Hexes          | |  2.6

Action                     |  1- 3 |  4- 6 || total
---------------------------+-------+-------++-------
   Fire: Sling             |   141 |    49 ||   190
    Use: Scroll            |     1 |     2 ||     3
 Armour: Robe              |    22 |       ||    22
         Ring mail         |    34 |    30 ||    64
  Dodge: Dodged            |    92 |    34 ||   126

Table legend:
 A = Non-vault XP
 B = Vault XP
 C = Vault XP percentage of total XP
 D = Non-vault monster count
 E = Vault monster count
 F = Vault count percentage of total count
                 A         B        C        D         E       F
            +---------+---------+-------+---------+---------+-------
      Total |     193 |       0 |   0.0 |      53 |       0 |   0.0
            +---------+---------+-------+---------+---------+-------
        D:1 |      66 |       0 |   0.0 |      31 |       0 |   0.0
        D:2 |      27 |       0 |   0.0 |      16 |       0 |   0.0
        D:3 |     100 |       0 |   0.0 |       6 |       0 |   0.0
            +---------+---------+-------+---------+---------+-------
